TOP OF THE 1ST |
Greenville 84s batting - Pitching for Seattle Pikes : RHP António Rijo
|
Pitching: RHP António Rijo
|
|
Batting: RHB Carlos Torres
|
0-0: Called Strike 0-1: Foul Ball, location: 2F 0-2: Ball 1-2: Ball 2-2: Ball 3-2: Foul Ball, location: 2F 3-2: Fly out, F7 (Line Drive, 7)
|
Batting: LHB Chris Moore
|
0-0: Ball 1-0: Swinging Strike 1-1: Swinging Strike 1-2: Foul Ball, location: 2F 1-2: Strikes out swinging
|
Batting: RHB Enzo Díaz
|
0-0: Ball 1-0: Foul Ball, location: 2F 1-1: Swinging Strike 1-2: Strikes out swinging
|
Top of the 1st over - 0 run(s), 0 hit(s), 0 error(s), 0 left on base; Greenville 0 - Seattle 0 |
BOTTOM OF THE 1ST |
Seattle Pikes batting - Pitching for Greenville 84s : RHP Dillon Nelson
|
Pitching: RHP Dillon Nelson
|
|
Batting: LHB Richard Hunter
|
0-0: Ball 1-0: Ball 2-0: Ball 3-0: Called Strike 3-1: Bunted foul 3-2: DOUBLE (Flyball, 7LD)
|
Batting: RHB Manuel Rico
|
0-0: Called Strike 0-1: Called Strike 0-2: Foul Ball, location: 2F 0-2: Fly out, F5 (Line Drive, 5)
|
Batting: LHB Roberto Lozano
|
0-0: Swinging Strike 0-1: Ball 1-1: Ball 2-1: Ball 3-1: Called Strike 3-2: Foul Ball, location: 2F 3-2: Fly out, F7 (Flyball, 7)
|
Batting: RHB Pete Rideout
|
0-0: Ball 1-0: Swinging Strike 1-1: Ground out 6-3 (Groundball, 6M)
|
Bottom of the 1st over - 0 run(s), 1 hit(s), 0 error(s), 1 left on base; Greenville 0 - Seattle 0 |
TOP OF THE 2ND |
Greenville 84s batting - Pitching for Seattle Pikes : RHP António Rijo
|
Batting: LHB Brock Larsen
|
0-0: Ball 1-0: Swinging Strike 1-1: Called Strike 1-2: Foul Ball, location: 2F 1-2: Foul Ball, location: 2F 1-2: Ball 2-2: Ball 3-2: Base on Balls
|
Batting: LHB Paco Rosas
|
0-0: Ball 1-0: Ball 2-0: Ball 3-0: Called Strike 3-1: Called Strike 3-2: Strikes out swinging
|
Batting: SHB Gilberto Guzmán
|
0-0: Ball 1-0: Foul Ball, location: 2F 1-1: Foul Ball, location: 2F 1-2: Ball 2-2: Foul Ball, location: 2F 2-2: Foul Ball, location: 2F 2-2: Ball 3-2: Grounds out, U3 (Groundball, 3L)
|
Batting: RHB Vic Langlois
|
0-0: Ground out 6-3 (Groundball, 6)
|
Top of the 2nd over - 0 run(s), 0 hit(s), 0 error(s), 1 left on base; Greenville 0 - Seattle 0 |
BOTTOM OF THE 2ND |
Seattle Pikes batting - Pitching for Greenville 84s : RHP Dillon Nelson
|
Batting: SHB António Hernández
|
0-0: Foul Ball, location: 2F 0-1: Ball 1-1: Foul Ball, location: 2F 1-2: SOLO HOME RUN (Flyball, 7D), Distance : 375 ft
|
Batting: RHB Wallace Greene
|
0-0: Ball 1-0: Ball 2-0: Called Strike 2-1: Ground out 3-1 (Groundball, 23)
|
Batting: RHB Bill Mark
|
0-0: Called Strike 0-1: Ball 1-1: Swinging Strike 1-2: Ball 2-2: Ball 3-2: Foul Ball, location: 2F 3-2: Strikes out looking
|
Batting: RHB António Ortega
|
0-0: Ball 1-0: Ground out 6-3 (Groundball, 6S)
|
Bottom of the 2nd over - 1 run(s), 1 hit(s), 0 error(s), 0 left on base; Greenville 0 - Seattle 1 |
TOP OF THE 3RD |
Greenville 84s batting - Pitching for Seattle Pikes : RHP António Rijo
|
Batting: RHB Robert Buckley
|
0-0: Called Strike 0-1: Swinging Strike 0-2: Ball 1-2: Ball 2-2: Foul Ball, location: 2F 2-2: Foul Ball, location: 2F 2-2: Strikes out swinging
|
Batting: LHB Mario Cornelo
|
0-0: Foul Ball, location: 2F 0-1: Foul Ball, location: 2F 0-2: Ground out 4-3 (Groundball, 4)
|
Batting: RHB Carlos Torres
|
0-0: Called Strike 0-1: Ball 1-1: Foul Ball, location: 2F 1-2: DOUBLE (Line Drive, 9LM)
|
Batting: LHB Chris Moore
|
0-0: Called Strike 0-1: Ball 1-1: Ball 2-1: Ball 3-1: Foul Ball, location: 2F 3-2: Base on Balls
|
Batting: RHB Enzo Díaz
|
0-0: Called Strike 0-1: Fly out, F7 (Flyball, 7)
|
Top of the 3rd over - 0 run(s), 1 hit(s), 0 error(s), 2 left on base; Greenville 0 - Seattle 1 |
BOTTOM OF THE 3RD |
Seattle Pikes batting - Pitching for Greenville 84s : RHP Dillon Nelson
|
Batting: RHB Iván Gonzáles
|
0-0: Ball 1-0: Called Strike 1-1: Ball 2-1: DOUBLE (Line Drive, 9LM)
|
Batting: LHB Richard Hunter
|
0-0: Ball 1-0: Foul Ball, location: 2F 1-1: Ball 2-1: Hit by Pitch
|
Batting: RHB Manuel Rico
|
0-0: Swinging Strike 0-1: Grounds into double play, 6-4-3 (Groundball, 6) Iván Gonzáles to third
|
Batting: LHB Roberto Lozano
|
0-0: Ball 1-0: Fly out, F8 (Flyball, 8RD)
|
Bottom of the 3rd over - 0 run(s), 1 hit(s), 0 error(s), 1 left on base; Greenville 0 - Seattle 1 |
TOP OF THE 4TH |
Greenville 84s batting - Pitching for Seattle Pikes : RHP António Rijo
|
Batting: LHB Brock Larsen
|
0-0: Foul Ball, location: 2F 0-1: Ball 1-1: Ball 2-1: Ball 3-1: Fly out, F8 (Flyball, 8RD)
|
Batting: LHB Paco Rosas
|
0-0: Ball 1-0: Swinging Strike 1-1: Ball 2-1: Swinging Strike 2-2: Ball 3-2: Foul Ball, location: 2F 3-2: Strikes out swinging
|
Batting: SHB Gilberto Guzmán
|
0-0: Called Strike 0-1: Ball 1-1: Ball 2-1: Foul Ball, location: 2F 2-2: Foul Ball, location: 2F 2-2: Foul Ball, location: 2F 2-2: Strikes out swinging
|
Top of the 4th over - 0 run(s), 0 hit(s), 0 error(s), 0 left on base; Greenville 0 - Seattle 1 |
BOTTOM OF THE 4TH |
Seattle Pikes batting - Pitching for Greenville 84s : RHP Dillon Nelson
|
Batting: RHB Pete Rideout
|
0-0: Swinging Strike 0-1: Foul Ball, location: 2F 0-2: Ball 1-2: Foul Ball, location: 2F 1-2: SINGLE (Flyball, 7LM)
|
Batting: SHB António Hernández
|
0-0: Ball Wild Pitch! Pete Rideout to second 1-0: Ball 2-0: Called Strike 2-1: Called Strike 2-2: Strikes out swinging
|
Batting: RHB Wallace Greene
|
0-0: Foul Ball, location: 2F 0-1: Ball 1-1: Ball Pete Rideout is caught stealing 3rd base 2-1: Ground out 5-3 (Groundball, 56S)
|
Bottom of the 4th over - 0 run(s), 1 hit(s), 0 error(s), 0 left on base; Greenville 0 - Seattle 1 |
TOP OF THE 5TH |
Greenville 84s batting - Pitching for Seattle Pikes : RHP António Rijo
|
Batting: RHB Vic Langlois
|
0-0: Called Strike 0-1: Called Strike 0-2: SINGLE (Flyball, 3D)
|
Batting: RHB Robert Buckley
|
0-0: Ball 1-0: Swinging Strike 1-1: Foul Ball, location: 2F 1-2: Foul Ball, location: 2F 1-2: Ball 2-2: Ball 3-2: Foul Ball, location: 2F 3-2: Strikes out swinging
|
Batting: LHB Mario Cornelo
|
0-0: Ball 1-0: Ball 2-0: Called Strike 2-1: Ball Vic Langlois steals 2nd base 3-1: Base on Balls
|
Batting: RHB Carlos Torres
|
0-0: Called Strike 0-1: Foul Ball, location: 2F 0-2: Ball 1-2: Ball 2-2: Foul Ball, location: 2F 2-2: DOUBLE (Line Drive, 8RD) Vic Langlois scores Mario Cornelo to third Runner from 3rd tries for Home, SAFE, no throw
|
Pitching: RHP José Salinas
|
|
Batting: LHB Chris Moore
|
0-0: Called Strike 0-1: Ball 1-1: Foul Ball, location: 2F 1-2: Foul Ball, location: 2F 1-2: SINGLE (Line Drive, 78S) Carlos Torres to third
|
Batting: RHB Enzo Díaz
|
0-0: Ball 1-0: Called Strike 1-1: Ball 2-1: Swinging Strike 2-2: Strikes out swinging
|
Batting: LHB Brock Larsen
|
0-0: Called Strike 0-1: Ball 1-1: Foul Ball, location: 2F 1-2: Ball 2-2: Fly out, F8 (Flyball, 78M)
|
Top of the 5th over - 2 run(s), 3 hit(s), 0 error(s), 2 left on base; Greenville 2 - Seattle 1 |
BOTTOM OF THE 5TH |
Seattle Pikes batting - Pitching for Greenville 84s : RHP Dillon Nelson
|
Batting: RHB Bill Mark
|
0-0: Ball 1-0: Foul Ball, location: 2F 1-1: Called Strike 1-2: Strikes out looking
|
Batting: RHB António Ortega
|
0-0: Called Strike 0-1: Swinging Strike 0-2: Foul Ball, location: 2F 0-2: Strikes out looking
|
Batting: RHB Iván Gonzáles
|
0-0: Foul Ball, location: 2F 0-1: Ball 1-1: Ball 2-1: Foul Ball, location: 2F 2-2: Strikes out looking
|
Bottom of the 5th over - 0 run(s), 0 hit(s), 0 error(s), 0 left on base; Greenville 2 - Seattle 1 |
TOP OF THE 6TH |
Greenville 84s batting - Pitching for Seattle Pikes : RHP José Salinas
|
Batting: LHB Paco Rosas
|
0-0: Foul Ball, location: 2F 0-1: Called Strike 0-2: Ball 1-2: Ball 2-2: Ball 3-2: SINGLE (Flyball, 6MD)
|
Batting: SHB Gilberto Guzmán
|
0-0: Called Strike 0-1: Ground out 5-3 (Groundball, 56S) Paco Rosas to second
|
Batting: RHB Vic Langlois
|
0-0: Fly out, F4 (Popup, 4)
|
Batting: RHB Robert Buckley
|
0-0: SINGLE (Groundball, 34D) Paco Rosas to third Runner from 3rd tries for Home, SAFE, no throw
|
Batting: LHB Mario Cornelo
|
0-0: Foul Ball, location: 2F 0-1: Ball 1-1: Foul Ball, location: 2F 1-2: Strikes out looking
|
Top of the 6th over - 1 run(s), 2 hit(s), 0 error(s), 1 left on base; Greenville 3 - Seattle 1 |
BOTTOM OF THE 6TH |
Seattle Pikes batting - Pitching for Greenville 84s : RHP Dillon Nelson
|
Batting: LHB Richard Hunter
|
0-0: Called Strike 0-1: Called Strike 0-2: Ball 1-2: TRIPLE (Flyball, 89XD)
|
Batting: RHB Manuel Rico
|
0-0: Ball Wild Pitch! Richard Hunter scores 1-0: Foul Ball, location: 2F 1-1: Ground out 4-3 (Groundball, 4)
|
Batting: LHB Roberto Lozano
|
0-0: Called Strike 0-1: Ball 1-1: Ball 2-1: Fly out, F8 (Flyball, 8RS)
|
Batting: RHB Pete Rideout
|
0-0: Ball 1-0: Ball 2-0: Fly out, F7 (Flyball, 7LM)
|
Bottom of the 6th over - 1 run(s), 1 hit(s), 0 error(s), 0 left on base; Greenville 3 - Seattle 2 |
TOP OF THE 7TH |
Greenville 84s batting - Pitching for Seattle Pikes : RHP José Salinas
|
Batting: RHB Carlos Torres
|
0-0: Ball 1-0: Called Strike 1-1: Ball 2-1: Ground out 3-1 (Groundball, 34S)
|
Batting: LHB Chris Moore
|
0-0: Swinging Strike 0-1: Ball 1-1: Ground out 6-3 (Groundball, 56)
|
Batting: RHB Enzo Díaz
|
0-0: Called Strike 0-1: SINGLE (Groundball, 6D)
|
Batting: LHB Brock Larsen
|
0-0: Swinging Strike 0-1: Foul Ball, location: 2F 0-2: Foul Ball, location: 2F 0-2: Ball 1-2: Strikes out looking
|
Top of the 7th over - 0 run(s), 1 hit(s), 0 error(s), 1 left on base; Greenville 3 - Seattle 2 |
BOTTOM OF THE 7TH |
Seattle Pikes batting - Pitching for Greenville 84s : RHP Dillon Nelson
|
Batting: SHB António Hernández
|
0-0: Ball 1-0: Called Strike 1-1: Ground out 6-3 (Groundball, 6)
|
Batting: RHB Wallace Greene
|
0-0: Ball 1-0: Called Strike 1-1: Ball 2-1: Foul Ball, location: 2F 2-2: Strikes out looking
|
Batting: RHB Bill Mark
|
0-0: Ball 1-0: SINGLE (Line Drive, 78S)
|
Pinch Runner at 1st Henning Huisman:
|
|
Batting: RHB António Ortega
|
0-0: Called Strike 0-1: Ball 1-1: Called Strike Henning Huisman is caught stealing 2nd base
|
Bottom of the 7th over - 0 run(s), 1 hit(s), 0 error(s), 0 left on base; Greenville 3 - Seattle 2 |
TOP OF THE 8TH |
Greenville 84s batting - Pitching for Seattle Pikes : RHP José Salinas
|
Now at SS: Roberto Zamora
|
|
Batting: LHB Paco Rosas
|
0-0: Called Strike 0-1: Ball 1-1: Reached on error, E3 (Groundball, 34)
|
Batting: SHB Gilberto Guzmán
|
0-0: Sac Bunt - play at first, batter OUT! 4-3 Paco Rosas to second
|
Batting: RHB Vic Langlois
|
0-0: Ball Paco Rosas steals 3rd base 1-0: Swinging Strike 1-1: Ball 2-1: Ball 3-1: Foul Ball, location: 2F 3-2: Strikes out looking
|
Pitching: LHP Manny Sandoval
|
|
Batting: RHB Robert Buckley
|
0-0: Foul Ball, location: 2F 0-1: Foul Ball, location: 2F 0-2: Ball 1-2: Strikes out swinging
|
Top of the 8th over - 0 run(s), 0 hit(s), 1 error(s), 1 left on base; Greenville 3 - Seattle 2 |
BOTTOM OF THE 8TH |
Seattle Pikes batting - Pitching for Greenville 84s : RHP Dillon Nelson
|
Batting: RHB António Ortega
|
0-0: Fly out, F9 (Flyball, 89S)
|
Batting: RHB Iván Gonzáles
|
0-0: Ball 1-0: Called Strike 1-1: Ball 2-1: Foul Ball, location: 2F 2-2: Ball 3-2: Foul Ball, location: 2F 3-2: Fly out, F8 (Flyball, 8LS)
|
Batting: LHB Richard Hunter
|
0-0: Fly out, F8 (Flyball, 8LD)
|
Bottom of the 8th over - 0 run(s), 0 hit(s), 0 error(s), 0 left on base; Greenville 3 - Seattle 2 |
TOP OF THE 9TH |
Greenville 84s batting - Pitching for Seattle Pikes : LHP Manny Sandoval
|
Pitching: LHP Cristián Escobar
|
|
Batting: LHB Mario Cornelo
|
0-0: Called Strike 0-1: Ball 1-1: Foul Ball, location: 2F 1-2: Strikes out swinging
|
Batting: RHB Carlos Torres
|
0-0: Ball 1-0: SINGLE (Line Drive, 4M)
|
Pinch Hitting: RHB Owen Carter
|
0-0: Ball 1-0: Called Strike 1-1: Swinging Strike 1-2: SINGLE (Groundball, 34) Carlos Torres to second Runner from 2nd tries for 3rd, SAFE, no throw
|
Batting: RHB Enzo Díaz
|
0-0: Ball 1-0: Called Strike 1-1: Ball 2-1: Foul Ball, location: 2F 2-2: SINGLE (Line Drive, 8LS) Carlos Torres scores Owen Carter to second
|
Batting: LHB Brock Larsen
|
0-0: Swinging Strike 0-1: Called Strike 0-2: Ball 1-2: Ball 2-2: Ball 3-2: Strikes out swinging
|
Batting: LHB Paco Rosas
|
0-0: Called Strike 0-1: Ball 1-1: Foul Ball, location: 2F 1-2: Ball 2-2: Foul Ball, location: 2F 2-2: Strikes out looking
|
Top of the 9th over - 1 run(s), 3 hit(s), 0 error(s), 2 left on base; Greenville 4 - Seattle 2 |
BOTTOM OF THE 9TH |
Seattle Pikes batting - Pitching for Greenville 84s : RHP Dillon Nelson
|
Pitching: RHP Paco Ruíz
|
|
Now at C: Owen Carter
|
|
Batting: RHB Manuel Rico
|
0-0: Called Strike 0-1: Ball 1-1: Foul Ball, location: 2F 1-2: Ball 2-2: DOUBLE (Groundball, 5L)
|
Batting: LHB Roberto Lozano
|
0-0: Ball 1-0: Called Strike 1-1: Ground out 5-3 (Groundball, 56)
|
Batting: RHB Pete Rideout
|
0-0: Foul Ball, location: 2F 0-1: Swinging Strike 0-2: Foul Ball, location: 2F 0-2: Ball 1-2: SINGLE (Line Drive, 4) Manuel Rico to third
|
Batting: SHB António Hernández
|
0-0: Called Strike 0-1: Called Strike 0-2: Ball 1-2: Strikes out looking
|
Batting: RHB Wallace Greene
|
0-0: Swinging Strike 0-1: Ball 1-1: Ball 2-1: Called Strike 2-2: Fielders Choice at 2nd, U6 (Groundball, 6M)
|
Bottom of the 9th over - 0 run(s), 2 hit(s), 0 error(s), 2 left on base; Greenville 4 - Seattle 2 |
|